 Dungeon Crawl Stone Soup version 0.30-a0-1112-gfb780f5df6 (webtiles) character file.

Game seed: 1432200361626447639

28669 mandoloar the Frost Mage (level 13, -1/90 HPs)
             Began as an Octopode Ice Elementalist on Apr 19, 2023.
             Was a High Priest of Cheibriados.
             Slain by a troll simulacrum (12 damage)
             ... on level 4 of the Lair of Beasts.
             The game lasted 01:07:21 (23043 turns).

mandoloar the Frost Mage (OpIE)                    Turns: 23043, Time: 01:07:21

Health: -1/90      AC: 13    Str: 20    XL:     13   Next: 40%
Magic:  26/26      EV: 31    Int: 34    God:    Cheibriados [*****.]
Gold:   699        SH:  0    Dex: 24    Spells: 19/30 levels left

rFire   . . .      SeeInvis .    b - +4 falchion
rCold   . . .      Faith    .    (no shield)
rNeg    . . .      Spirit   .    O - +2 hat
rPois   .          Reflect  .    (no amulet)
rElec   .          Rampage  .    c - +4 ring of slaying
rCorr   .                        t - +5 ring of evasion
Will    +....                    E - ring of willpower
Stlth   +++                      J - +5 ring of evasion
HPRegen 0.35/turn                (no ring)
MPRegen 0.20/turn                (no ring)
                                 (no ring)
                                 (no ring)

@: confused, ice-armoured, ambrosia-drunk, very slow
A: almost no armour, amphibious, 8 rings, camouflage 1, gelatinous body 1,
(nimble swimmer 1), tentacles
a: Renounce Religion, Bend Time, Temporal Distortion, Slouch, Step From Time


You were on level 4 of the Lair of Beasts.
You worshipped Cheibriados.
Cheibriados was extremely pleased with you.
You visited 3 branches of the dungeon, and saw 16 of its levels.

You collected 834 gold pieces.
You spent 135 gold pieces at shops.

Inventory:

Hand Weapons
 a - a +2 shortbow of draining
 b - a +4 falchion (weapon)
Missiles
 d - 134 stones
 m - 4 boomerangs
 p - 23 poisoned darts
 u - 3 silver boomerangs
 D - 9 curare-tipped darts
Armour
 O - a +2 hat (worn)
Jewellery
 c - a +4 ring of slaying (left tentacle)
 t - a +5 ring of evasion (right tentacle)
 w - a ring of ice
 E - a ring of willpower (on tentacle)
 J - a +5 ring of evasion (on tentacle)
Wands
 f - a wand of polymorph (18)
 r - a wand of iceblast (16)
 s - a wand of mindburst (12)
 x - a wand of flame (11)
 P - a wand of paralysis (7)
Scrolls
 g - 2 scrolls of teleportation
 n - 4 scrolls of vulnerability
 v - 2 scrolls of amnesia
 y - a scroll of immolation
 A - 2 scrolls of enchant armour
 B - 2 scrolls of poison
 H - 2 scrolls of fog
 M - a scroll of torment
Potions
 e - 2 potions of mutation
 h - 3 potions of haste
 i - a potion of might
 j - 2 potions of cancellation
 k - 2 potions of invisibility
 l - 2 potions of attraction
 o - 6 potions of curing
 q - 2 potions of magic
 z - a potion of lignification
 F - a potion of flight
 G - a potion of brilliance {unknown}
 I - a potion of heal wounds {unknown}
 K - a potion of experience
 L - a potion of berserk rage {unknown}
 N - 2 potions of resistance


   Skills:
 + Level 9.3 Fighting
 + Level 7.6 Ranged Weapons
 + Level 9.5 Dodging
 + Level 7.5 Stealth
 + Level 9.0 Spellcasting
 - Level 5.0 Summonings
 + Level 10.2 Ice Magic
 + Level 8.6 Invocations


You had 19 spell levels left.
You knew the following spells:

 Your Spells              Type           Power      Damage    Failure   Level
a - Freeze                Ice            100%       1d10      1%          1
b - Frozen Ramparts       Ice            100%       1d16      1%          3
c - Ozocubu's Armour      Ice            71%        N/A       1%          3
d - Summon Ice Beast      Ice/Summ       61%        N/A       1%          4

Your spell library contained the following spells:

 Spells                   Type           Power      Damage    Failure   Level
 Apportation              Tloc           30%        N/A       3%          1
 Necrotise                Necr           60%        1d7       3%          1
 Dazzling Flash           Conj/Hex       30%        N/A       9%          3
 Tukima's Dance           Hex            15%        N/A       9%          3
 Vampiric Draining        Necr           15%        2d7       9%          3
 Volatile Blastmotes      Fire/Tloc      30%        2d12      9%          3
 Iskenderun's Mystic Bla  Conj/Tloc      15%        2d5       28%         4
 Passage of Golubria      Tloc           15%        N/A       28%         4
 Agony                    Necr           15%        N/A       63%         5
 Alistair's Intoxication  Tmut/Pois      10%        N/A       63%         5
 Yara's Violent Unravell  Hex/Tmut       7%         3d5       63%         5
 Starburst                Conj/Fire      7%         6d4       99%         6


Dungeon Overview and Level Annotations

Branches:
Dungeon (11/15)            Temple (1/1) D:6            Lair (4/5) D:10
  Swamp (0/4) Lair:3        Snake (0/4) Lair:2          Orc (0/2) D:9
  Slime: Lair:4-5

Altars:
Ashenzari
Cheibriados
Dithmenos
Elyvilon
Fedhas
Gozag
Hepliaklqana
Kikubaaqudgha
Makhleb
Nemelex Xobeh
Okawaru
Qazlal
Ru
Sif Muna
Trog
Uskayaw
Vehumet
Wu Jian
Xom
Yredelemnul
Zin
The Shining One

Shops:
D:9 *   D:10 !

Annotations:
D:4 Dowan


Innate Abilities, Weirdness & Mutations

You cannot wear most types of armour.
You are amphibious.
You can wear up to eight rings at the same time.
Your skin changes colour to match your surroundings (Stealth+).
Your rubbery body absorbs attacks. (AC +1, EV +1)
((You are camouflaged when in or above water. (Stealth+)))
You have tentacles for arms and can constrict up to eight enemies at once.


Message History

The wall freezes the death yak!
The death yak misses you.
You slash the death yak! You squeeze the death yak.
The death yak is severely wounded.
The rime drake completely misses you.
Your ice beast barely misses the rime drake.
The wall freezes the death yak.
The death yak completely misses you. The rime drake completely misses you.
Your ice beast hits the rime drake.
Your ice beast freezes the rime drake!
The rime drake resists.
The rime drake dies!
Cheibriados appreciates the change of pace.
You hit the death yak. You squeeze the death yak.
The death yak is almost dead.
The death yak seems less drained.
The troll simulacrum completely resists.
The wall freezes the troll simulacrum but does no damage.
The wall freezes the death yak but does no damage.
The death yak gores you!!
* * * LOW HITPOINT WARNING * * *
You hit the death yak. You squeeze the death yak.
The death yak is almost dead.
The wall freezes the death yak.
The death yak completely misses you.
The troll simulacrum completely resists.
The wall freezes the troll simulacrum but does no damage.
The troll simulacrum completely misses you.
The troll simulacrum claws you.
* * * LOW HITPOINT WARNING * * *
The troll simulacrum freezes you!
* * * LOW HITPOINT WARNING * * *
The troll simulacrum completely misses you.
Your ice beast hits the death yak but does no damage.
The wall freezes the death yak.
The death yak misses you.
You are confused.
You feel invigorated.
The frozen ramparts melt away.
The troll simulacrum completely misses you. x2
The troll simulacrum misses you.
Your ice beast completely misses the death yak.
The death yak misses you.
Your ice beast hits the death yak but does no damage.
The troll simulacrum bites you!
You die...

.≈~~..
.~~~..#
Z~~~... ###
.~~~...##.#
#....#
.≈~~~.#...#
.~~~#
#...## ~~~
#.YYZ# ≈
##..@##
#.....#
##...P#
#....P#
#P..<##
##....#
....#
#....##
.....##
##....##
#.....
#.....###
#....#


You could see a death yak (ally target), a troll simulacrum and a friendly ice
beast (summoned).

Vanquished Creatures
  Gastronok (Lair:2)
  2 hydras (Lair:3)
  A two-headed ogre (D:10)
  Sonja (Lair:2)
  Nergalle (Lair:1)
  Pikel (D:6)
  A cyclops (D:10)
  6 elephants (Lair:1)
  A cane toad (Lair:1)
  Joseph (D:8)
  Maurice (D:8)
  A black mamba (Lair:3)
  A komodo dragon (Lair:2)
  Maggie (D:6)
  Psyche (D:8)
  A rime drake (Lair:2)
  A polar bear (Lair:3)
  A blink frog (Lair:2)
  A shadow (D:10)
  3 wyverns
  30 yaks
  Eustachio (D:6)
  3 basilisks
  2 steam dragons
  Menkaure (D:4)
  2 nagas (Lair:2)
  Edmund (D:4)
  3 acid dragons
  8 water moccasins
  2 ice beasts (D:6)
  2 orc warriors (D:9)
  A black bear (D:7)
  Pargi (D:4)
  4 sky beasts
  2 ogres (D:5)
  6 wolves (Lair:1)
  5 centaurs
  2 lemures (D:6)
  3 kobold brigands
  9 bullfrogs
  Blork the orc (D:5)
  3 jellies
  8 wights
  7 killer bees
  4 howler monkeys
  3 electric eels (Lair:3)
  3 hounds
  A gnoll bouda (D:5)
  10 orc priests
  A sleepcap (D:5)
  5 iguanas
  3 hell rats (Lair:3)
  4 orc wizards
  Robin (D:4)
  5 gnolls (D:5)
  7 adders
  A white imp (D:5)
  An ufetubus (D:6)
  3 worms
  4 dart slugs
  15 orcs
  3 ball pythons
  3 bats
  13 endoplasms
  4 giant cockroaches
  10 goblins
  11 hobgoblins
  6 jackals
  3 quokkas
  2 frilled lizards (D:2)
  A goblin zombie (D:5)
  17 kobolds
  A quokka zombie (D:5)
  3 rats
283 creatures vanquished.

Vanquished Creatures (collateral kills)
  A cane toad (Lair:3)
  A rime drake (Lair:4)
  3 blink frogs (Lair:2)
  Sigmund (D:6)
  A basilisk (Lair:3)
  4 yaks
  A black bear (Lair:3)
  2 electric eels (Lair:3)
  An orc wizard (D:8)
  A hell rat (Lair:3)
  2 orcs (D:8)
18 creatures vanquished.

Vanquished Creatures (others)
  A human (D:4)
  An orc priest (D:9)
  A bush (Lair:2)
  13 fungi
  19 plants
35 creatures vanquished.

Grand Total: 336 creatures vanquished

Notes
Turn   | Place    | Note
-------+----------+-------------------------------------------
     0 | D:1      | mandoloar the Octopode Ice Elementalist began the quest for
                  | the Orb.
     0 | D:1      | Reached XP level 1. HP: 11/11 MP: 3/3
    38 | D:1      | Reached XP level 2. HP: 11/18 MP: 0/5
   468 | D:1      | Reached XP level 3. HP: 22/22 MP: 2/6
   472 | D:1      | Learned a level 3 spell: Frozen Ramparts
   585 | D:1      | Reached skill level 1 in Fighting
  1644 | D:2      | Found an ornate altar of the Wu Jian Council.
  1660 | D:2      | Reached XP level 4. HP: 28/28 MP: 3/7
  1664 | D:2      | Learned a level 3 spell: Ozocubu's Armour
  1796 | D:2      | You fall into a shaft and drop 2 floors!
  2152 | D:4      | Found a white marble altar of Elyvilon.
  2226 | D:4      | Noticed Robin
  2250 | D:4      | Killed Robin
  2251 | D:4      | Reached XP level 5. HP: 34/34 MP: 3/8
  2286 | D:4      | Noticed Menkaure
  2299 | D:4      | Killed Menkaure
  2300 | D:4      | Reached XP level 6. HP: 3/40 MP: 2/10
  2562 | D:4      | Noticed Edmund
  2598 | D:4      | Killed Edmund
  2704 | D:4      | Reached skill level 5 in Stealth
  2704 | D:4      | Reached skill level 5 in Ice Magic
  2736 | D:4      | Noticed Dowan
  3038 | D:4      | Noticed Pargi
  3055 | D:4      | Killed Pargi
  3056 | D:4      | Reached XP level 7. HP: 42/46 MP: 4/12
  3415 | D:5      | Entered Level 5 of the Dungeon
  3446 | D:3      | Found an ornate altar of the Wu Jian Council.
  4111 | D:3      | Learned a level 4 spell: Summon Ice Beast
  4828 | D:4      | Found an ancient bone altar of Kikubaaqudgha.
  4831 | D:4      | Noticed a human
  4834 | D:4      | Killed a human
  5234 | D:5      | Reached skill level 1 in Summonings
  5617 | D:5      | Identified the +0 helmet of the Thinker {Dex+8}
  5761 | D:5      | Reached XP level 8. HP: 27/53 MP: 6/14
  6071 | D:5      | Found a bloodstained altar of Trog.
  6356 | D:5      | Found a blossoming altar of Fedhas.
  6357 | D:5      | Found a hazy altar of Hepliaklqana.
  6358 | D:5      | Found a basalt altar of Yredelemnul.
  6582 | D:5      | Noticed Blork the orc
  6731 | D:5      | Killed Blork the orc
  7159 | D:6      | Reached skill level 6 in Ice Magic
  7461 | D:6      | Reached skill level 1 in Ranged Weapons
  8071 | D:6      | Noticed Eustachio
  8123 | D:6      | Killed Eustachio
  8124 | D:6      | Reached XP level 9. HP: 56/59 MP: 8/16
  8165 | D:6      | Reached skill level 5 in Dodging
  8458 | D:6      | Found a staircase to the Ecumenical Temple.
  8468 | Temple   | Entered the Ecumenical Temple
  8571 | Temple   | Became a worshipper of Cheibriados the Contemplative
  9477 | D:6      | Noticed Maggie
  9497 | D:6      | Killed Maggie
  9498 | D:6      | Reached skill level 5 in Spellcasting
  9498 | D:6      | Reached skill level 1 in Invocations
  9897 | D:6      | Noticed Pikel
  9916 | D:6      | Killed Pikel
  9917 | D:6      | Reached skill level 5 in Fighting
 10024 | D:6      | Noticed Sigmund
 10147 | D:6      | Killed Sigmund
 10615 | D:7      | Identified a scroll of acquirement
 10615 | D:7      | Acquired a +5 ring of evasion
 11130 | D:7      | Reached skill level 7 in Ice Magic
 11130 | D:7      | Reached XP level 10. HP: 66/66 MP: 14/18
 11385 | D:7      | Found an opulent altar of Gozag.
 12114 | D:8      | Noticed Psyche
 12119 | D:8      | Killed Psyche
 12119 | D:8      | Reached * piety under Cheibriados
 12366 | D:8      | Noticed Maurice
 12371 | D:8      | Killed Maurice
 12515 | D:8      | Noticed Joseph
 12632 | D:8      | Killed Joseph
 12633 | D:8      | Reached skill level 5 in Summonings
 13557 | D:8      | Reached skill level 8 in Ice Magic
 13557 | D:8      | Reached skill level 5 in Invocations
 13557 | D:8      | Reached XP level 11. HP: 75/75 MP: 19/21
 13883 | D:9      | Found a staircase to the Orcish Mines.
 14209 | D:9      | Reached skill level 5 in Ranged Weapons
 14355 | D:9      | Reached ** piety under Cheibriados
 15209 | D:9      | Found Achiax's Assorted Antiques.
 15213 | D:9      | Bought a jade ring for 135 gold pieces
 15342 | D:10     | Entered Level 10 of the Dungeon
 15381 | D:10     | Found Tirad's Distillery.
 15451 | D:10     | Found a staircase to the Lair.
 15642 | D:10     | Noticed a two-headed ogre
 15655 | D:10     | Killed a two-headed ogre
 15846 | D:10     | Noticed a cyclops
 15857 | D:10     | Killed a cyclops
 15857 | D:10     | Reached *** piety under Cheibriados
 15948 | D:10     | Found a hide-covered altar of Uskayaw.
 16250 | Lair:1   | Entered Level 1 of the Lair of Beasts
 16267 | D:10     | Reached XP level 12. HP: 53/82 MP: 13/23
 16713 | Lair:1   | Reached skill level 9 in Ice Magic
 17795 | Lair:1   | Noticed Nergalle
 17818 | Lair:1   | HP: 2/120 [Nergalle/bolt of negative energy (21)]
 17823 | Lair:1   | Killed Nergalle
 17826 | Lair:1   | Reached **** piety under Cheibriados
 18957 | Lair:2   | Found a staircase to the Snake Pit.
 19572 | Lair:2   | Reached XP level 13. HP: 90/90 MP: 19/25
 19625 | Lair:3   | Noticed Sonja
 19656 | Lair:2   | Killed Sonja
 19694 | Lair:3   | Noticed Gastronok
 20043 | Lair:2   | Killed Gastronok
 20329 | Lair:3   | Reached skill level 10 in Ice Magic
 20810 | Lair:3   | Reached ***** piety under Cheibriados
 21366 | Lair:3   | Found a staircase to the Swamp.
 23041 | Lair:4   | HP: 2/90 [troll simulacrum (12)]
 23043 | Lair:4   | Slain by a troll simulacrum

Illustrated notes

Levels and vault maps discovered:
D:1:      nzn_arrival_crosshair, layout_basic, minmay_misc_feat_pillars,
          serial_bayou_lagoon_a
D:2:      layout_basic, basic_altar
D:3:      layout_basic, mainiacjoe_overflow_catwalk, grunt_decor_arrowhead,
          minmay_misc_feat_tower
D:4:      layout_basic, nicolae_elyvilon_temple_path, tgw_kikubaaqudgha,
          guppyfry_early_lair_pool, uniq_robin, uniq_pargi, uniq_edmund,
          uniq_duvessa, uniq_menkaure
D:5:      layout_basic, amcnicky_altar_gilded,
          chequers_temple_overflow_statue_of_worship, enter_ossuary_4,
          uniq_blork_the_orc
D:6:      layout_loops_corners, minmay_temple_entry_proselytizer, uniq_sigmund,
          uniq_pikel, uniq_maggie, uniq_eustachio
D:7:      layout_basic, grunt_gozag_statues, minmay_holes
D:8:      layout_loops_ring, uniq_joseph, uniq_psyche, uniq_maurice
D:9:      layout_roguey, serial_shops, nicolae_shop_back_alley_shop
D:10:     layout_cave_pools, nicolae_uskayaw_murder_on_the_dancefloor,
          lair_entry_dummy, serial_rivers, chequers_serial_rivers_marsh,
          chequers_serial_rivers_marsh, chequers_serial_rivers_micro_e,
          chequers_serial_rivers_small_a, chequers_serial_rivers_room_a,
          chequers_serial_rivers_small_3, serial_shops, shop
D:11:     layout_irregular_city, portal_ice_cave_entry_animals_and_master,
          feat_on_display
Temple:   compressed_dpeg_triangle_lava_temple
Lair:1:   layout_cave_pods, uniq_nergalle
Lair:2:   layout_misc_corridors, guppyfry_snake_entry_island, st_stairs_3,
          serial_bayou_shore_b, lemuel_fruit_tree
Lair:3:   layout_cave_pods, minmay_swamp_entry_eels, st_stairs_4, uniq_sonja,
          uniq_gastronok
Lair:4:   dreamdust_isle_of_ice, layout_concentric_octagons

Skill      XL: |  1  2  3  4  5  6  7  8  9 10 11 12 13 |
---------------+----------------------------------------+-----
Stealth        | 3 4 5 6 7 |  7.5
Fighting       | 1 2 3 4 5 7 8 9 |  9.3
Dodging        | 3 4 5 7 8 9 |  9.5
Spellcasting   | 3 4 5 7 8 9 |  9.0
Ice Magic      | 5 6 7 8 9 10 | 10.2
Summonings     | 1 2 4 5 |  5.0
Ranged Weapons | 1 3 4 5 7 |  7.6
Invocations    | 3 5 6 8 |  8.6

Action                     |  1- 3 |  4- 6 |  7- 9 | 10-12 | 13-15 || total
---------------------------+-------+-------+-------+-------+-------++-------
  Melee: Unarmed           |    17 |       |       |       |       ||    17
         Tentacles         |     6 |     8 |    10 |    22 |     5 ||    51
         Constrict         |     7 |     5 |    11 |     8 |     1 ||    32
         Mace              |    10 |    27 |    21 |       |       ||    58
         Dire flail        |       |       |    14 |       |       ||    14
         Whip              |       |       |     4 |       |       ||     4
         Falchion          |       |       |    22 |    71 |     6 ||    99
         Punch             |       |       |       |     1 |       ||     1
   Fire: Shortbow          |       |       |    89 |   132 |    71 ||   292
  Throw: Stone             |     4 |     2 |     3 |       |       ||     9
         Boomerang         |       |       |     1 |       |       ||     1
   Cast: Freeze            |    32 |     7 |    17 |    60 |    30 ||   146
         Frozen Ramparts   |    11 |    15 |    50 |    60 |    15 ||   151
         Ozocubu's Armour  |       |     5 |    24 |    39 |    14 ||    82
         Summon Ice Beast  |       |       |     3 |     7 |    13 ||    23
 Invoke: Bend Time         |       |       |       |     2 |       ||     2
    Use: Scroll            |       |       |    20 |     6 |     3 ||    29
         Potion            |       |       |       |     3 |     1 ||     4
   Stab: Sleeping          |     1 |       |     3 |       |       ||     4
 Armour: Skin              |     4 |     7 |    20 |    42 |     7 ||    80
  Dodge: Dodged            |    23 |    34 |    93 |   270 |   112 ||   532

Table legend: (Time is in decaauts)
 A = Elapsed time spent in this place.
 B = Non-inter-level travel time spent in this place.
 C = Inter-level travel time spent in this place.
 D = Time resting spent in this place.
 E = Time spent auto-exploring this place.
 F = Levels seen in this place.
 G = Mean time per level.
                   A        B        C        D        E       F      G
               +--------+--------+--------+--------+--------+-----+--------+
         Total |  26339 |  24497 |   1842 |  10320 |  10663 |  16 | 1646.2 |
       Dungeon |  17477 |  16289 |   1188 |   7377 |   6472 |  11 | 1588.8 |
        Temple |    334 |    326 |      8 |      0 |    311 |   1 |  334.0 |
          Lair |   8527 |   7883 |    644 |   2943 |   3879 |   4 | 2131.8 |
               +--------+--------+--------+--------+--------+-----+--------+

Top non-repeatable levels by time:
  Lair:3: 3802 daAuts
     D:6: 3159 daAuts
     D:4: 2399 daAuts
  Lair:1: 2360 daAuts
  Lair:2: 2265 daAuts
     D:8: 2133 daAuts
     D:7: 1929 daAuts
     D:5: 1784 daAuts
     D:9: 1524 daAuts
    D:10: 1363 daAuts
     D:3: 1214 daAuts
     D:1: 1040 daAuts
     D:2: 926 daAuts
  Temple: 334 daAuts
  Lair:4: 100 daAuts
